 Dungeon Crawl Stone Soup version 0.30-a0-311-gf115ab0292 (webtiles) character file.

Game seed: 5013651943814642438

623 Bnni the Covert (level 7, -3/44 HPs)
             Began as a Kobold Brigand on Oct 25, 2022.
             Slain by a black bear (7 damage)
             ... on level 4 of the Dungeon.
             The game lasted 00:05:52 (3648 turns).

Bnni the Covert (Kobold Brigand)                    Turns: 3648, Time: 00:05:53

Health: -3/44      AC:  2    Str:  8    XL:     7   Next: 75%
Magic:  0/7        EV: 14    Int: 12    God:
Gold:   137        SH:  0    Dex: 19    Spells: 6/6 levels left

rFire   . . .      SeeInvis .    i - +0 whip (elec)
rCold   . . .      Faith    .    (no shield)
rNeg    + . .      Spirit   +    n - +0 robe {Will+}
rPois   .          Reflect  .    (no helmet)
rElec   .          Harm     .    x - scarf {+Inv}
rCorr   +          Rampage  .    (no gloves)
Will    +....                    (no boots)
Stlth   +++++.....               r - amulet of guardian spirit
HPRegen 0.27/turn                l - ring of resist corrosion
MPRegen 0.10/turn                j - ring of positive energy

@: no status effects
A: small, no large weapons, nightstalker 3
a: Evoke Invisibility


You were on level 4 of the Dungeon.
You visited 1 branch of the dungeon, and saw 4 of its levels.

You collected 137 gold pieces.

Inventory:

Hand Weapons
 a - a +2 dagger
 i - a +0 whip of electrocution (weapon)
Missiles
 d - 17 poisoned darts (quivered)
Armour
 c - a +0 cloak
 n - a +0 robe of willpower (worn)
 x - a scarf of invisibility (worn)
Jewellery
 b - a ring of protection from fire
 j - a ring of positive energy (right hand)
 l - a ring of resist corrosion (left hand)
 r - an amulet of guardian spirit (around neck)
 u - an amulet of the acrobat
 w - an amulet of magic regeneration
 z - a ring of protection from fire
Wands
 y - a wand of charming (3)
Scrolls
 g - a scroll of enchant armour {unknown}
 h - a scroll of brand weapon {unknown}
 k - 2 scrolls of fear {unknown}
 m - 2 scrolls of poison {unknown}
 o - 3 scrolls of amnesia
 p - 3 scrolls of teleportation {unknown}
 q - a scroll of immolation {unknown}
Potions
 f - 2 potions of flight
 s - a potion of berserk rage
 t - a potion of attraction {unknown}
 v - 2 potions of brilliance


   Skills:
 + Level 4.4 Fighting
 + Level 5.3 Short Blades
 - Level 2.1 Throwing
 - Level 1.2 Dodging
 * Level 9.1 Stealth
 + Level 3.2 Evocations


You had 6 spell levels left.
You didn't know any spells.
Your spell library contained the following spells:

 Spells                   Type           Power      Damage    Failure   Level
 Summon Small Mammal      Summ           0%         N/A       32%         1
 Call Canine Familiar     Summ           0%         N/A       69%         3
 Summon Guardian Golem    Hex/Summ       0%         N/A       69%         3
 Iskenderun's Battlesphe  Conj           0%         2d6       100%        5
 Iron Shot                Conj/Erth      0%         9d1       100%        6
 Spellforged Servitor     Conj/Summ      0%         N/A       100%        7


Dungeon Overview and Level Annotations

Branches:
Dungeon (4/15)
 Temple: D:4-7

Altars:


Innate Abilities, Weirdness & Mutations

You are small and have problems with some larger weapons.
You are completely attuned to the shadows.


Message History

The poisoned dart barely misses the black bear.
Unknown command.
The black bear attacks as you move away!
The black bear bites you. The black bear claws you.
The black bear barely misses you.
You see here a +0 leather armour.
Throw: 19 darts (poison)
Press: ? - help, Q - select action, (/) - cycle Shift-Dir - straight line, f/p - black bear
Aim: a black bear (heavily wounded, very poisoned, 71% to hit)
You throw a poisoned dart. The poisoned dart hits the hobgoblin.
The hobgoblin is poisoned.
The hobgoblin misses you.
You kill the hobgoblin!
You hit the black bear.
The black bear is severely wounded.
The black bear goes berserk!
Throw: 18 darts (poison)
Press: ? - help, Q - select action, (/) - cycle Shift-Dir - straight line, f/p - black bear
Aim: a black bear (severely wounded, berserk, poisoned, 71% to hit)
You throw a poisoned dart. The poisoned dart hits the black bear.
The black bear looks even sicker.
The black bear is severely wounded.
The black bear bites you!
* * * LOW HITPOINT WARNING * * *
The black bear misses you. The black bear claws you.
* * * LOW HITPOINT WARNING * * *
Unknown command.
You hit the black bear.
The black bear is almost dead.
The black bear barely misses you. The black bear claws you.
* * * LOW HITPOINT WARNING * * *
The black bear claws you.
Unknown command.
Okay, then.
Okay, then.
Okay, then.
You hear the crackle of electricity.
i - a +0 whip of electrocution (weapon)
The black bear bites you!
You die...

#.#.# .#.#.# .. ...
.....##.( .>
......(...
.##.##..#..(...#
....)...#...(..#
###.....#..†#### #
.....)..#..h# #
###..####..@# # #..#
#...# # #.)####...#
### #.........#
..######.........####
....................#
..######..###########
..# #..# ..# #..#


You could see a black bear (berserk, very poisoned).

Vanquished Creatures
  Pikel (D:4)
  An orc priest (D:4)
  An orc wizard (D:4)
  3 adders
  An ufetubus (D:4)
  3 worms
  2 dart slugs (D:3)
  8 orcs
  5 ball pythons
  4 bats
  2 endoplasms (D:2)
  3 giant cockroaches
  6 goblins
  5 hobgoblins
  2 jackals (D:1)
  4 quokkas
  3 kobolds (D:3)
  5 rats
59 creatures vanquished.

Notes
Turn   | Place    | Note
-------+----------+-------------------------------------------
     0 | D:1      | Bnni the Kobold Brigand began the quest for the Orb.
     0 | D:1      | Reached XP level 1. HP: 12/12 MP: 1/1
   304 | D:1      | Reached XP level 2. HP: 18/18 MP: 2/2
  1354 | D:2      | Reached skill level 6 in Stealth
  1354 | D:2      | Reached XP level 3. HP: 22/22 MP: 3/3
  1822 | D:2      | Reached XP level 4. HP: 15/27 MP: 4/4
  3314 | D:4      | Reached skill level 7 in Stealth
  3314 | D:4      | Reached skill level 1 in Evocations
  3314 | D:4      | Reached XP level 5. HP: 32/32 MP: 5/5
  3452 | D:4      | Noticed a lemure
  3454 | D:4      | Noticed Pikel
  3454 | D:4      | Noticed a lemure
  3482 | D:4      | Noticed a lemure
  3483 | D:4      | Killed Pikel
  3484 | D:4      | Reached skill level 5 in Short Blades
  3484 | D:4      | Reached skill level 9 in Stealth
  3484 | D:4      | Reached XP level 6. HP: 35/39 MP: 1/6
  3484 | D:4      | Reached XP level 7. HP: 39/44 MP: 1/7
  3648 | D:4      | Slain by a black bear

Illustrated notes

Levels and vault maps discovered:
D:1:      lightli_arrival_lavapool, layout_loops_corners
D:2:      layout_rooms, serial_rivers, chequers_serial_rivers_large_a,
          chequers_serial_rivers_micro_a, chequers_serial_rivers_small_3,
          chequers_serial_rivers_small_3, chequers_serial_rivers_large_b,
          chequers_serial_rivers_room_a, chequers_serial_rivers_micro_c,
          st_stairs_6, minivault_25
D:3:      layout_basic, minmay_unequal
D:4:      layout_basic, uniq_pikel

Skill      XL: |  1  2  3  4  5 |
---------------+----------------+-----
Short Blades   | 3 4 5 |  5.3
Stealth        | 6 7 9 |  9.1
Fighting       | 3 4 |  4.4
Evocations     | 1 3 |  3.2
Throwing       | |  2.1
Dodging        | |  1.2

Action                   |  1- 3 |  4- 6 |  7- 9 || total
-------------------------+-------+-------+-------++-------
Melee: Dagger            |    66 |    67 |     9 ||   142
Throw: Dart              |     4 |    13 |     9 ||    26
  Use: Scroll            |       |     6 |       ||     6
       Potion            |       |     2 |       ||     2
 Stab: Sleeping          |    13 |    13 |     3 ||    29
Armor: Robe              |    12 |     4 |     5 ||    21
Dodge: Dodged            |    25 |    64 |    20 ||   109

Table legend: (Time is in decaauts)
 A = Elapsed time spent in this place.
 B = Non-inter-level travel time spent in this place.
 C = Inter-level travel time spent in this place.
 D = Time resting spent in this place.
 E = Time spent auto-exploring this place.
 F = Levels seen in this place.
 G = Mean time per level.
                   A        B        C        D        E       F      G
               +--------+--------+--------+--------+--------+-----+--------+
         Total |   3693 |   3603 |     90 |      0 |   3111 |   4 |  923.2 |
       Dungeon |   3693 |   3603 |     90 |      0 |   3111 |   4 |  923.2 |
               +--------+--------+--------+--------+--------+-----+--------+

Top non-repeatable levels by time:
     D:2: 1084 daAuts
     D:1: 1066 daAuts
     D:3: 994 daAuts
     D:4: 548 daAuts
